Map: Acid Plant LE

Players

Lambo - Winner!

  • Race: Zerg Zerg
  • Spawn Location: 11:00

Crimson

  • Race: Zerg Zerg
  • Spawn Location: 5:00

Event: WCS Austin 2018

VOD

Have the link to the VOD?

Description

Time

  • Played on: June 1, 2018, 1:50 p.m.
  • Length: 10:00

All games in this series

Show
View Real Time Build Order
Export as new Build Order

Lambo Zerg - Winner!

Build Orders: Hatch First, Zergling Baneling 

Get SALT Encoding   

  12  0:01  Drone  
  13  0:12  Overlord  
  13  0:17  Drone  
  14  0:30  Drone x2  
  16  0:47  Hatchery  
  15  0:52  Drone  
  15  0:54  Drone  
  17  0:58  Drone  
  18  1:06  Extractor  
  17  1:13  Spawning Pool  
  17  1:16  Drone  
  17  1:19  Drone  
  18  1:28  Drone  
  19  1:38  Drone  
  20  1:50  Overlord  
  20  2:00  Queen x2  
  24  2:01  Drone x2  
  24  2:07  Metabolic Boost  
  26  2:11  Zergling x2  
  26  2:12  Drone  
  28  2:23  Drone x2  
  30  2:34  Hatchery  
  29  2:37  Drone  
  29  2:41  Overlord  
  30  2:49  Zergling x4  
  32  2:57  Zergling x2  
  32  2:58  Zergling x2  
  34  3:04  Zergling x2  
  35  3:08  Zergling x6  
  38  3:14  Overlord  
  38  3:16  Drone  
  38  3:17  Drone  
  40  3:21  Baneling Nest, Drone x2  
  41  3:30  Drone  
  41  3:31  Drone  
  42  3:37  Drone  
  42  3:39  Queen  
  45  3:42  Drone x2  
  45  3:45  Drone x2  
  45  3:46  Drone x2  
  50  3:50  Drone x2  
  50  3:51  Drone  
  50  3:54  Drone  
  52  3:59  Drone  
  50  4:02  Extractor  
  50  4:05  Extractor  
  50  4:06  Drone x2, Evolution Chamber  
  50  4:07  Roach Warren  
  48  4:10  Zergling x2  
  48  4:12  Drone  
  48  4:13  Drone x2  
  51  4:19  Zergling x6  
  51  4:20  Drone  
  55  4:25  Drone  
  56  4:34  Baneling x3  
  55  4:39  Zerg Missile Weapons Level 1, Zergling x4  
  55  4:41  Baneling x2  
  55  4:42  Baneling  
  55  4:44  Overlord  
  55  4:45  Overlord  
  57  4:53  Baneling x2  
  57  5:01  Zergling x2  
  57  5:02  Overlord, Queen  
  57  5:06  Zergling x24  
  68  5:17  Roach x3  
  73  5:23  Roach x4  
  73  5:24  Baneling  
  73  5:25  Baneling  
  80  5:31  Roach  
  80  5:32  Roach  
  77  5:42  Zergling x2, Roach x2  
  77  5:43  Zergling x2  
  77  5:45  Drone x3  
  81  5:54  Overlord  
  81  6:01  Overlord  
  81  6:05  Overlord  
  81  6:07  Lair, Drone x2  
  81  6:11  Drone x2  
  81  6:16  Evolution Chamber  
  81  6:17  Drone x4  
  82  6:21  Roach x2  
  86  6:26  Drone x3  
  86  6:30  Baneling x2  
  86  6:32  Roach x2  
  93  6:33  Zerg Ground Armor Level 1  
  93  6:36  Drone x3  
  96  6:44  Roach x3  
  102  6:50  Roach x2  
  106  6:58  Overlord  
  106  7:00  Overlord  
  105  7:03  Overlord  
  105  7:04  Overlord, Extractor x2  
  105  7:07  Drone x2, Glial Reconstitution  
  105  7:08  Zerg Missile Weapons Level 2  
  105  7:09  Drone  
  105  7:11  Overseer  
  105  7:12  Overlord  
  105  7:14  Overlord  
  106  7:18  Drone x2  
  106  7:19  Drone x2  
  106  7:20  Drone  
  111  7:25  Roach x3  
  117  7:31  Roach x3  
  117  7:35  Roach  
  117  7:36  Roach x2  
  129  7:40  Overlord  
  129  7:41  Roach x2  
  129  7:43  Overlord  
  133  7:45  Roach  
  133  7:48  Overlord  
  133  7:50  Drone  
  136  7:53  Overlord  
  136  8:03  Hatchery, Roach x3  
  141  8:10  Roach x4  
  149  8:14  Roach x2  
  149  8:18  Roach x3  
  159  8:24  Drone  
  160  8:30  Roach x2  
  160  8:32  Ravager  
  160  8:33  Ravager x4  
  169  8:36  Hatchery  
  169  8:39  Roach x3  
  177  8:48  Roach x2  
  177  8:56  Overlord  
  177  9:00  Overlord  
  177  9:03  Overlord x2  
  177  9:05  Ravager  
  178  9:16  Roach x4  
  186  9:20  Ravager  
  186  9:22  Roach x6  
  198  9:38  Roach x10  
Show
View Real Time Build Order
Export as new Build Order

Crimson Zerg 

Build Orders: Hatch First 

Get SALT Encoding   

  12  0:00  Drone  
  13  0:12  Overlord  
  13  0:17  Drone  
  14  0:30  Drone x2  
  14  0:34  Drone  
  17  0:51  Hatchery  
  17  0:54  Drone  
  17  0:56  Drone  
  18  1:07  Extractor  
  17  1:12  Spawning Pool  
  17  1:15  Drone  
  17  1:18  Drone  
  18  1:28  Drone  
  19  1:38  Drone  
  20  1:49  Overlord  
  20  1:52  Evolution Chamber  
  19  1:59  Queen  
  19  2:00  Drone  
  22  2:03  Drone  
  23  2:09  Queen  
  23  2:12  Drone  
  23  2:15  Drone  
  27  2:21  Zergling x2  
  28  2:24  Drone  
  28  2:28  Zerg Ground Armor Level 1  
  29  2:32  Drone  
  29  2:35  Drone  
  31  2:38  Queen  
  31  2:44  Drone  
  34  2:46  Overlord  
  34  2:53  Overlord  
  35  2:58  Drone  
  35  3:06  Spine Crawler  
  35  3:10  Drone x4  
  35  3:11  Drone  
  39  3:16  Metabolic Boost  
  39  3:18  Drone  
  39  3:19  Drone  
  41  3:20  Zergling x2  
  41  3:26  Zergling x2  
  43  3:31  Zergling x6  
  46  3:34  Baneling Nest  
  45  3:45  Overlord  
  41  3:59  Drone x5  
  45  4:03  Overlord  
  45  4:09  Zergling x4  
  47  4:11  Zergling x2  
  47  4:16  Zergling x2  
  48  4:21  Zergling x6  
  48  4:22  Zerg Melee Weapons Level 1  
  51  4:28  Zergling x4  
  51  4:30  Hatchery  
  52  4:34  Overlord  
  52  4:37  Zergling x6  
  55  4:48  Zergling x10  
  60  4:53  Baneling x4  
  60  4:54  Baneling x2  
  60  5:06  Zergling x10  
  61  5:08  Baneling  
  58  5:15  Zergling x10  
  60  5:23  Baneling x2  
  58  5:31  Zergling x4  
  58  5:33  Zergling x2  
  54  5:43  Zergling x6  
  54  5:44  Zergling x8  
  54  5:49  Baneling x3  
  61  5:51  Zergling x2  
  61  5:52  Extractor  
  61  5:54  Extractor, Roach Warren  
  49  6:15  Drone x4  
  49  6:17  Drone x2  
  49  6:18  Drone x3  
  57  6:20  Drone x3, Queen  
  57  6:21  Baneling x3  
  61  6:26  Overlord  
  61  6:29  Zergling x6  
  64  6:33  Drone x2  
  66  6:45  Lair  
  63  6:48  Drone x3  
  63  6:50  Drone  
  63  6:51  Drone x2  
  63  6:52  Drone x5  
  72  7:04  Roach  
  72  7:05  Roach x4  
  82  7:10  Extractor  
  82  7:11  Roach  
  82  7:12  Roach  
  85  7:16  Drone x3  
  85  7:19  Roach  
  85  7:21  Overlord x2  
  90  7:23  Overlord  
  90  7:29  Overlord  
  90  7:32  Zerg Missile Weapons Level 1  
  90  7:33  Unknown  
  90  7:35  Overlord  
  90  7:39  Roach x4  
  90  7:40  Roach x2  
  90  7:41  Roach  
  103  7:48  Roach x2  
  103  7:49  Roach x2  
  103  7:51  Roach  
  113  7:56  Roach x2  
  117  7:59  Zergling x2  
  117  8:00  Zergling x8  
  117  8:02  Extractor  
  117  8:05  Zergling x4  
  123  8:08  Zergling x2  
  123  8:09  Overseer  
  124  8:17  Zergling x12  
  127  8:21  Zergling x4  
  127  8:25  Overlord x4  
  129  8:34  Ravager x2  
  130  8:38  Zergling x2  
  126  8:41  Zergling x2  
  126  8:42  Zergling x4  
  126  8:49  Roach x6  
  126  8:51  Roach x3  
  142  8:59  Roach x2  
  143  9:02  Extractor  
  143  9:03  Ravager x5  
  143  9:04  Zergling x2  
  143  9:08  Zergling x2  
  149  9:13  Zergling x4  
  150  9:20  Roach x2  
  150  9:21  Roach x2  
  158  9:25  Roach  
  158  9:28  Overlord  
  158  9:29  Overseer  
Tags
 
Add a new tag
Caveats
  • Supply blocks, unpowered buildings, or Contaminate may cause inaccurate times.
  • Supply counts are checked every 10 seconds.